 Dungeon Crawl Stone Soup version 0.31-a0-16-g6d2539766c (webtiles) character file.

Game seed: 4642384602240316596

7042 bande the Cleaver (level 11, -7/68 HPs)
             Began as a Gargoyle Fighter on May 9, 2023.
             Was a Priest of Okawaru.
             Mangled by a tentacled starspawn (10 damage)
             ... on level 2 of the Abyss.
             The game lasted 00:24:47 (11024 turns).

bande the Cleaver (Gargoyle Fighter)               Turns: 11024, Time: 00:24:48

Health: -7/68      AC: 27    Str: 21    XL:     11   Next: 9%
Magic:  14/14      EV:  8    Int:  8    God:    Okawaru [***...]
Gold:   712        SH:  5    Dex: 13    Spells: 10/10 levels left

rFire   . . .        s - +0 broad axe (freeze)
rCold   . . .        c - +0 buckler
rNeg    + . .        h - +0 plate armour
rPois   ∞            z - +1 hat
rElec   +            (no cloak)
rCorr   +            j - +2 pair of gloves
SInv    .            n - +0 pair of boots
Will    .....        y - amulet of faith
Stlth   x              - ring of resist corrosion
HPRegen 0.31/turn    u - +5 ring of evasion
MPRegen 0.14/turn

%: faith
@: constricted
A: sickness immunity, AC +8, negative energy resistance 1, electricity
resistance, torment resistance 1, petrification resistance, noise suppression
a: Renounce Religion, Heroism


You were on level 2 of the Abyss.
You worshipped Okawaru.
Okawaru was most pleased with you.
You visited 2 branches of the dungeon, and saw 12 of its levels.
You visited the Abyss 1 time.

You collected 752 gold pieces.
You spent 40 gold pieces at shops.

Inventory:

Hand Weapons
 i - a +1 war axe of flaming
 s - a +0 broad axe of freezing (weapon)
Missiles
 m - 2 throwing nets (quivered)
Armour
 c - a +0 buckler (worn)
 h - a +0 plate armour (worn)
 j - a +2 pair of gloves (worn)
 n - a +0 pair of boots (worn)
 z - a +1 hat (worn)
Jewellery
 u - a +5 ring of evasion (right hand)
 x - a ring of resist corrosion (left hand)
 y - an amulet of faith (around neck)
Wands
 w - a wand of digging (5)
 C - a wand of roots (6)
Scrolls
 a - 2 scrolls of identify
 e - 6 scrolls of teleportation
 g - 6 scrolls of fog
 o - 2 scrolls of fear
 r - 4 scrolls of enchant weapon
 t - 3 scrolls of enchant armour
 B - a scroll of blinking
Potions
 b - 6 potions of curing
 d - 2 potions of might
 k - 3 potions of haste
 l - 3 potions of flight
 p - 2 potions of resistance
 q - a potion of mutation
 v - a potion of brilliance
 A - a potion of cancellation
 D - a potion of ambrosia


   Skills:
 + Level 7.7 Fighting
 + Level 10.4 Axes
 + Level 8.1 Armour
 + Level 6.2 Shields
 * Level 4.4 Invocations
 * Level 4.6 Evocations


You had 10 spell levels left.
You didn't know any spells.
Your spell library contained the following spells:

 Spells                   Type           Power      Damage    Failure   Level
 Apportation              Tloc           0%         N/A       100%        1
 Kiss of Death            Conj/Necr      0%         2d5       100%        1
 Necrotise                Necr           0%         1d4       100%        1
 Sandblast                Erth           0%         2d4       100%        1
 Lesser Beckoning         Tloc           0%         N/A       100%        2
 Passwall                 Tmut/Erth      0%         N/A       100%        2
 Confusing Touch          Hex            0%         N/A       100%        3
 Gell's Gravitas          Tloc           0%         N/A       100%        3
 Ozocubu's Armour         Ice            0%         N/A       100%        3
 Portal Projectile        Hex/Tloc       0%         N/A       100%        3
 Stone Arrow              Conj/Erth      0%         3d7       100%        3
 Teleport Other           Tloc           0%         N/A       100%        3
 Vampiric Draining        Necr           0%         2d6       100%        3
 Dispel Undead            Necr           0%         3d6       100%        4
 Agony                    Necr           0%         N/A       100%        5
 Blade Hands              Tmut           0%         N/A       100%        5
 Ozocubu's Refrigeration  Ice            0%         4d7       100%        7
 Summon Small Mammal      Summ           Unusable   N/A       N/A         1
 Tukima's Dance           Hex            Unusable   N/A       N/A         3

Dungeon Overview and Level Annotations

Branches:
Dungeon (11/15)            Temple (1/1) D:4            Lair (0/5) D:8
    Orc (0/2) D:10

Altars:
Ashenzari
Dithmenos
Elyvilon
Fedhas
Gozag
Kikubaaqudgha
Makhleb
Nemelex Xobeh
Okawaru
Qazlal
Ru
Sif Muna
Trog
Uskayaw
Vehumet
Wu Jian
Yredelemnul
Zin
The Shining One

Shops:
D:3 !   D:4 *

Annotations:
D:9 Erolcha
D:10 1 transporter


Innate Abilities, Weirdness & Mutations

You are immune to sickness and miasma.
Your stone body is resilient. (AC +8)
You are immune to poison.
You resist negative energy. (rN+)
You are resistant to electric shocks. (rElec)
You are resistant to unholy torment.
You are immune to petrification.
You passively dampen the noise of your surroundings.


Message History

Okawaru accepts your kill.
You hit the tentacled starspawn but do no damage.
You hit the starspawn tentacle but do no damage.
You slash the starspawn tentacle! You freeze the starspawn tentacle.
The tentacled starspawn bites you but does no damage.
The tentacled starspawn tentacle-slaps you.
The starspawn tentacle grabs you. The starspawn tentacle constricts you.
A starcursed mass splits.
You escape the starspawn tentacle's grasp.
The tentacled starspawn bites you but does no damage.
The tentacled starspawn tentacle-slaps you.
A starcursed mass splits.
The starspawn tentacle grabs you. The starspawn tentacle constricts you.
The starcursed mass touches you but does no damage.
Unknown command.
You slash the starcursed mass! You freeze the starcursed mass.
The starcursed mass is lightly damaged.
You hit the starspawn tentacle but do no damage.
You hit the tentacled starspawn. You freeze the tentacled starspawn.
The starspawn tentacle loses its grip on you.
You slash the starspawn tentacle! You freeze the starspawn tentacle.
The starcursed mass shudders and is absorbed by its neighbour.
The tentacled starspawn bites you but does no damage.
The tentacled starspawn closely misses you.
The starspawn tentacle grabs you. The starspawn tentacle constricts you.
A starcursed mass splits.
The tentacled starspawn bites you!!
The tentacled starspawn tentacle-slaps you!
* * * LOW HITPOINT WARNING * * *
You hit the starcursed mass but do no damage.
The starcursed mass is lightly damaged.
You completely miss the starspawn tentacle.
You hit the tentacled starspawn. You freeze the tentacled starspawn.
The starspawn tentacle loses its grip on you.
You hit the starspawn tentacle but do no damage.
The starspawn tentacle grabs you. The starspawn tentacle constricts you.
* * * LOW HITPOINT WARNING * * *
A starcursed mass splits.
The tentacled starspawn barely misses you.
The tentacled starspawn tentacle-slaps you!
You die...

. # #.###...
.######... .# .
#...#. ..## .#
###.#.###.#...#x
##.#....#..#.#
#§.
#.#........##>X.
# ..
..#......#.##.##
. ###.#.wX....#
.# ...
#.X.XX@w#.#.# .
#.###X####...# #
... .##..# ##..
. .#.# # . #.# .
# .#


You could see 4 starcursed masses, a tentacled starspawn and 2 starspawn
tentacles.

Vanquished Creatures
  An elephant (D:8)
  2 trolls
  2 wyverns
  A vampire (D:10)
  A basilisk (D:8)
  6 yaks
  Edmund (D:5)
  4 sky beasts
  2 ice beasts
  10 orc warriors
  2 black bears
  The ghost of lunkers the Gusty, an amateur MeAE (D:5)
  A gnoll sergeant (D:6)
  3 kobold brigands
  3 bullfrogs
  A small abomination (Abyss:2)
  3 scorpions
  6 wights
  14 killer bees
  2 bullfrog zombies (D:5)
  A quasit (Abyss:2)
  3 jellies
  10 hounds
  5 orc priests
  3 sleepcaps
  4 iguanas
  9 orc wizards
  4 gnolls
  9 adders
  An ufetubus (D:6)
  5 worms
  4 dart slugs
  51 orcs
  6 ball pythons
  5 bats
  9 endoplasms
  2 giant cockroaches
  6 goblins
  8 hobgoblins
  26 kobolds
  3 quokkas
  5 frilled lizards
  2 rats
  A starspawn tentacle (Abyss:2)
248 creatures vanquished.

Vanquished Creatures (others)
  An orc (D:9)
  A starspawn tentacle (Abyss:2)
2 creatures vanquished.

Grand Total: 250 creatures vanquished

Notes
Turn   | Place    | Note
-------+----------+-------------------------------------------
     0 | D:1      | bande the Gargoyle Fighter began the quest for the Orb.
     0 | D:1      | Reached XP level 1. HP: 14/14 MP: 1/1
    66 | D:1      | Reached XP level 2. HP: 19/19 MP: 2/2
   177 | D:1      | Found a faded altar of an unknown god.
   291 | D:1      | Reached skill level 2 in Axes
   414 | D:1      | Reached XP level 3. HP: 24/24 MP: 3/3
  1459 | D:3      | Reached XP level 4. HP: 22/29 MP: 4/4
  1519 | D:3      | Found Ywkisch's Distillery.
  1525 | D:3      | Bought a potion of might for 40 gold pieces
  1558 | D:3      | Reached skill level 3 in Axes
  1685 | D:3      | Found a hide-covered altar of Uskayaw.
  2145 | D:4      | Reached XP level 5. HP: 33/33 MP: 5/5
  2146 | D:4      | Found an ancient bone altar of Kikubaaqudgha.
  2166 | D:4      | Found Baezonn's Assorted Antiques.
  2220 | D:4      | Found a radiant altar of Vehumet.
  2337 | D:4      | Found a sparkling altar of Nemelex Xobeh.
  2398 | D:4      | Found a white marble altar of Elyvilon.
  2551 | D:4      | Noticed a human
  2592 | D:4      | Found a staircase to the Ecumenical Temple.
  2605 | Temple   | Entered the Ecumenical Temple
  2838 | D:4      | Reached skill level 4 in Axes
  3020 | D:5      | Entered Level 5 of the Dungeon
  3028 | D:4      | Reached XP level 6. HP: 36/38 MP: 6/6
  3413 | D:5      | Reached skill level 5 in Axes
  3454 | D:5      | Reached XP level 7. HP: 32/44 MP: 7/7
  3703 | D:5      | Reached skill level 5 in Armour
  3792 | D:5      | Found a shadowy altar of Dithmenos.
  4059 | D:5      | Found a runed translucent gate.
  4059 | D:5      | Found a runed translucent gate.
  4059 | D:5      | Found a runed translucent gate.
  4059 | D:5      | Noticed lunkers's ghost (amateur MeAE)
  4061 | D:5      | Found a basalt altar of Yredelemnul.
  4073 | D:5      | Reached skill level 5 in Fighting
  4073 | D:5      | Reached skill level 6 in Axes
  4128 | D:5      | Noticed Edmund
  4151 | D:5      | Killed Edmund
  4152 | D:5      | Reached XP level 8. HP: 30/49 MP: 8/8
  4540 | D:5      | Killed lunkers's ghost
  4996 | D:6      | Found a sacrificial altar of Ru.
  5012 | D:6      | Noticed a troll
  5040 | D:6      | Killed a troll
  5041 | D:6      | Reached skill level 7 in Axes
  5429 | D:6      | Reached XP level 9. HP: 45/55 MP: 9/9
  5618 | D:6      | Reached skill level 1 in Evocations
  5736 | D:6      | Reached skill level 8 in Axes
  6295 | D:7      | Gained mutation: Armour fits poorly on your strangely
                  | shaped body. [potion of mutation]
  6295 | D:7      | Gained mutation: Your muscles are strong. (Str +4, Int/Dex
                  | -1) [potion of mutation]
  6296 | D:7      | Lost mutation: Your muscles are strong. (Str +4, Int/Dex
                  | -1) [potion of mutation]
  6296 | D:7      | Lost mutation: Armour fits poorly on your strangely shaped
                  | body. [potion of mutation]
  6296 | D:7      | Gained mutation: You passively dampen the noise of your
                  | surroundings. [potion of mutation]
  6371 | D:7      | Found an iron altar of Okawaru.
  6378 | D:7      | Reached skill level 5 in Shields
  6404 | D:7      | Became a worshipper of Warmaster Okawaru
  6493 | D:7      | Reached skill level 9 in Axes
  6655 | D:7      | Found a glowing golden altar of the Shining One.
  6976 | D:8      | You fall into a shaft and drop 2 floors!
  6976 | D:10     | Entered Level 10 of the Dungeon
  6976 | D:10     | Found a transporter.
  6991 | D:10     | Reached skill level 1 in Invocations
  7071 | D:10     | Found a staircase to the Orcish Mines.
  7308 | D:11     | Reached * piety under Okawaru
  7309 | D:11     | Reached XP level 10. HP: 49/61 MP: 11/11
  8350 | D:9      | Noticed Erolcha
  8632 | D:10     | Reached ** piety under Okawaru
  9354 | D:8      | Found a staircase to the Lair.
  9390 | D:8      | Noticed an elephant
  9409 | D:8      | Killed an elephant
  9410 | D:8      | Reached skill level 10 in Axes
  9576 | D:8      | Found a glowing silver altar of Zin.
  9660 | D:8      | Reached *** piety under Okawaru
 10028 | D:8      | Found a blossoming altar of Fedhas.
 10843 | D:9      | Reached XP level 11. HP: 67/68 MP: 14/14
 10977 | Abyss:2  | Found a corrupted altar of Lugonu.
 10977 | Abyss:2  | Cast into level 2 of the Abyss (Erolcha)
 11009 | Abyss:2  | Noticed a tentacled starspawn
 11017 | Abyss:2  | HP: 1/68 [constriction[a tentacled starspawn] (3)]
 11019 | Abyss:2  | Noticed a starcursed mass
 11024 | Abyss:2  | HP: 3/68 [constriction[a tentacled starspawn] (3)]
 11024 | Abyss:2  | Mangled by a tentacled starspawn

Illustrated notes

Levels and vault maps discovered:
D:1:      roderic_crossed_star, layout_loops_ring,
          chequers_ecumenical_altar_twisty
D:2:      kennysheep_big_flooded_room, layout_basic
D:3:      layout_basic, eat_drink_and_be_merry_uskayaw, serial_shops,
          nicolae_shop_rolling_square, nicolae_underground_beach
D:4:      layout_loops_ring, tgw_kikubaaqudgha, vehumet_crystals,
          nemelex_dance_club_becter, mainiacjoe_overflow_boulevard,
          minmay_temple_entry_statues, serial_shops, shop, hex_large
D:5:      layout_gridville, nicolae_yredelemnul_ghost_church,
          nicolae_dithmenos_the_darkroom, uniq_edmund
D:6:      layout_basic, mainiacjoe_overflow_catwalk, minmay_divided_ellipse
D:7:      layout_basic, mainiacjoe_overflow_chevrons, okawaru_ov_weapons_minmay
D:8:      layout_gridville, amcnicky_altar_gilded, lemuel_tele_altar,
          david_lair_generic, dreamdust_princess_corridor
D:9:      layout_basic, nicolae_hepliaklqana_hippocampus, special_room
          [special_room_bee], onia_ninara_dug_in_and_dangerous, uniq_erolcha
D:10:     layout_rooms, mainiacjoe_overflow_brackets, cheibrodos_worm_habitat,
          david_orc_5, nicolae_diode_basic
D:11:     layout_loops_corners, uniq_fannar, uniq_josephine
Temple:   nicolae_temple_bog_church
Abyss:2:  base: D:10, base:
D:11

Skill      XL: |  1  2  3  4  5  6  7  8  9 10 |
---------------+-------------------------------+-----
Axes           | 2 3 4 5 6 7 9 10 | 10.4
Fighting       | 4 5 6 7 |  7.7
Armour         | 4 5 6 7 8 |  8.1
Shields        | 4 5 6 |  6.2
Evocations     | 3 4 |  4.6
Invocations    | 1 4 |  4.4

Action                     |  1- 3 |  4- 6 |  7- 9 | 10-12 || total
---------------------------+-------+-------+-------+-------++-------
  Melee: War axe           |   103 |   110 |   304 |   192 ||   709
         Broad axe         |       |       |       |    80 ||    80
    Use: Scroll            |    11 |     5 |     7 |     3 ||    26
         Potion            |       |       |     3 |     2 ||     5
 Armour: Scale mail        |    14 |       |       |       ||    14
         Plate armour      |    51 |   106 |   280 |   249 ||   686
  Dodge: Dodged            |    24 |    33 |   122 |   209 ||   388
  Block: Buckler           |    21 |    28 |    65 |   118 ||   232

Table legend: (Time is in decaauts)
 A = Elapsed time spent in this place.
 B = Non-inter-level travel time spent in this place.
 C = Inter-level travel time spent in this place.
 D = Time resting spent in this place.
 E = Time spent auto-exploring this place.
 F = Levels seen in this place.
 G = Mean time per level.
                   A        B        C        D        E       F      G
               +--------+--------+--------+--------+--------+-----+--------+
         Total |  11220 |  10946 |    274 |   3771 |   4568 |  13 |  863.1 |
       Dungeon |  10981 |  10713 |    268 |   3771 |   4390 |  11 |  998.3 |
        Temple |    190 |    184 |      6 |      0 |    178 |   1 |  190.0 |
         Abyss |     47 |     47 |      0 |      0 |      0 |   1 |   47.0 |
               +--------+--------+--------+--------+--------+-----+--------+

Top non-repeatable levels by time:
     D:5: 1544 daAuts
     D:8: 1499 daAuts
     D:6: 1272 daAuts
    D:10: 1231 daAuts
     D:4: 1118 daAuts
    D:11: 996 daAuts
     D:3: 804 daAuts
     D:1: 763 daAuts
     D:7: 741 daAuts
     D:2: 610 daAuts
     D:9: 399 daAuts
  Temple: 190 daAuts
 Abyss:2: 47 daAuts
